 Dungeon Crawl Stone Soup version 0.15.2 (webtiles) character file.

189513 Huymann the Impaler (level 17, -9/151 HPs)
             Began as a Yellow Draconian Berserker on Jan 2, 2019.
             Was a High Priest of Trog.
             Killed from afar by a neqoxec (48 damage)
             ... with an exploding inner flame
             ... hexed by the player character
             ... on Level 1 of the Abyss on Jan 9, 2019.
             The game lasted 07:01:29 (36236 turns).

Huymann the Impaler (Yellow Draconian Berserker)   Turns: 36236, Time: 07:01:31

HP  -9/151       AC 23     Str 20      XL: 17   Next: 95%
MP  34/34        EV 28     Int  8      God: Trog [*****.]
Gold 1228        SH  0     Dex 20      Spells:  0 memorised, 18 levels left

rFire  x . .     SeeInvis +     f - +8 glaive of the Guard {elec, +Rage AC+5 SInv}
rCold  + . .     Clarity  .     (armour unavailable)
rNeg   + . .     rCorr    +     (no shield)
rPois  .         rRot     .     (helmet restricted)
rElec  .         Spirit   .     Z - +2 cloak
SustAb .         Warding  +     v - +2 pair of gloves
rMut   .         Stasis   .     P - +2 pair of boots
Gourm  .                        e - amulet of warding
MR     +....                    J - ring of ice
                                M - ring "Xime" {Str+1 Dex+4 Stlth+}

@: somewhat resistant to hostile enchantments, quite stealthy
A: spit acid, acid resistance, unfitting armour, clumsy 1, deterioration 1, high
mp 1, acidic bite, cold-blooded, AC +9
a: Spit Acid, Burn Spellbooks, Berserk, Trog's Hand, Brothers in Arms, Renounce
Religion, Evoke Berserk Rage


You were on level 1 of the Abyss.
You worshipped Trog.
Trog was extremely pleased with you.
You were hungry.

You visited 8 branches of the dungeon, and saw 37 of its levels.
You visited the Abyss 1 time.
You visited 1 bazaar.
You also visited: Labyrinth.

You collected 3744 gold pieces.
You spent 2516 gold pieces at shops.

Inventory:

Hand weapons
 a - a +5 spear of venom
 f - the +8 glaive of the Guard (weapon) {elec, +Rage AC+5 SInv}
   (You found it in a labyrinth)

   Occasionally, upon striking a foe, it will discharge some electrical energy
   and cause terrible harm.
   It affects your AC (+5).
   It enhances your eyesight.
   It lets you go berserk.
 t - the +6 quarterstaff "Vaximefo" {antimagic, rF+}
   (You took it off a deep elf annihilator on level 3 of the Elven Halls)

   It disrupts the flow of magical energy around spellcasters and certain
   magical creatures (including the wielder).
   It protects you from fire.
Missiles
 B - 11 steel javelins (quivered)
 K - 3 tomahawks of dispersal
 T - 10 curare-tipped needles
Armour
 v - a +2 pair of gloves (worn)
 P - a +2 pair of boots (worn)
 Z - a +2 cloak (worn)
Magical devices
 u - a wand of disintegration (6)
 I - a wand of cold (3)
 L - a wand of lightning (5)
 R - a wand of digging (9)
 W - a wand of enslavement (11)
 Y - a wand of lightning (7)
Comestibles
 b - 2 chunks of elf flesh
 c - 19 bread rations
 d - 22 meat rations
 A - 18 slices of pizza
 G - 14 beef jerkies
Scrolls
 g - 12 scrolls of teleportation
 i - a scroll of brand weapon
 k - 7 scrolls of recharging
 q - a scroll of blinking
 w - 2 scrolls of magic mapping
 x - 8 scrolls of enchant armour
 y - 14 scrolls of remove curse
 z - 2 scrolls of immolation
 N - 2 scrolls of fear
 O - 2 scrolls of fog
Jewellery
 e - an amulet of warding (around neck)
 m - a +4 ring of slaying
 n - an uncursed ring of flight
 C - an uncursed ring of teleport control
 D - the ring "Bubiots" {Str+2 Int+3 Stlth-}
   (You found it on level 6 of the Dungeon)

   [ring of loudness]

   It affects your strength (+2).
   It affects your intelligence (+3).
   It makes you less stealthy.
 E - an uncursed amulet of faith
 H - the amulet of Greclan {Stasis Slay+4}
   (You found it in a labyrinth)

   [amulet of stasis]

   It prevents you from being teleported, slowed, hasted or paralysed.
   It affects your accuracy and damage with ranged weapons and melee attacks
   (+4).
 J - a ring of ice (right hand)
 M - the ring "Xime" (left hand) {Str+1 Dex+4 Stlth+}
   (You acquired it on level 13 of the Dungeon)

   [ring of stealth]

   It affects your strength (+1).
   It affects your dexterity (+4).
   It makes you more stealthy.
 U - the ring of Shaolin {EV+8}
   (You took it off a deep elf priest on level 3 of the Elven Halls)

   [ring of evasion]

   It affects your evasion (+8).
 V - an uncursed ring of positive energy
 X - an uncursed ring of see invisible
Potions
 h - 5 potions of might
 j - a potion of invisibility
 l - a potion of heal wounds
 o - a potion of cancellation
 p - 2 potions of brilliance
 r - 4 potions of restore abilities
 s - 2 potions of curing
 Q - 2 potions of haste
 S - 3 potions of agility
Miscellaneous
 F - a legendary deck of summonings {drawn: 1}


   Skills:
 * Level 13.9 Fighting
 * Level 18.1 Polearms
 + Level 0.2(12.2) Staves
 + Level 2.2 Throwing
 * Level 17.1 Dodging
 * Level 10.9 Stealth
 + Level 2.2 Unarmed Combat
 + Level 1.2 Spellcasting
 * Level 11.3 Evocations


You had 18 spell levels left.
You didn't know any spells.

Dungeon Overview and Level Annotations

Branches:
Dungeon (15/15)            Temple (0/1) D:4             Orc (4/4) D:9
    Elf (3/3) Orc:4          Lair (8/8) D:8           Swamp (2/5) Lair:6
  Snake (3/5) Lair:6        Slime (1/6) Lair:7       Vaults (0/5) D:14
 Depths (1/5) D:15

Altars:
Dithmenos
Elyvilon
Fedhas
Kikubaaqudgha
Makhleb
Nemelex Xobeh
Sif Muna
Trog
Vehumet
Zin
The Shining One
Jiyva

Shops:
D:13 *   Orc:2 *   Orc:4 :%(!   Elf:2 !

Annotations:
D:4 Edmund
Snake:3 Vashnia


Innate Abilities, Weirdness & Mutations

You can spit globs of acid.
You can corrode armour when you spit acid.
You are resistant to acid.
Your golden yellow scales are hard (AC +9).
Your body does not fit into most forms of armour.
You have acidic saliva.
Your cold-blooded metabolism reacts poorly to cold.
You are clumsy. (Dex -2)
Your body is slowly deteriorating.
You have an increased reservoir of magic (+10% MP).


Message History

Your tail-slap misses the freezing wraith.
You bite the freezing wraith, but do no damage.
The freezing wraith is heavily damaged.
The neqoxec hits you but does no damage.
You slice the freezing wraith!! Your bite misses the freezing wraith.
The freezing wraith is almost destroyed.
The freezing wraith completely misses you.
The freezing wraith barely misses you. The neqoxec gestures at you.
Something tries to feed on your intellect!
The iron imp shouts, "Get thee gone, thou droning sow-suckled buzzard-bait!"
The iron imp completely misses you.
You slice the freezing wraith!!
There is a sudden explosion of sparks!
The freezing wraith explodes!
The fiery explosion engulfs the iron imp.
The iron imp completely resists.
The fiery explosion engulfs the neqoxec.
The neqoxec explodes!
The fiery explosion engulfs you! The fire burns you terribly!
You die...

# # . # # ## . ..
### . .# .. . ##@##
.#. . ..# .
#5§.#### ......# 5
#..##§#5# ......#.#
#.......#.#.#.. .#
. ........##...#..
.. . .. ....#. ..#
... .... ...#.#...
#... ..#....#
.##.###.. #
.......###.#......#


You could see an iron imp and a crimson imp.

Vanquished Creatures
  Rupert (D:14)
  A thorn hunter (Swamp:2)
  Kirke (Elf:1)
  2 azure jellies (Lair:7)
  Roxanne (Elf:3)
  A deep elf sorcerer (Elf:3)
  2 deep elf demonologists (Elf:3)
  A deep elf annihilator (Elf:3)
  Azrael (Elf:2)
  Snorg (Lair:5)
  2 deep elf high priests (Elf:3)
  A deep elf death mage (Elf:3)
  A blizzard demon (Abyss:1)
  Fannar (D:15)
  6 hydras
  4 naga warriors
  An anaconda (Snake:1)
  Erica (Elf:1)
  5 centaur warriors
  A tengu warrior (D:15)
  4 death yaks (Lair:7)
  An orc high priest (Orc:4)
  An ogre mage (D:12)
  3 naga sharpshooters (Snake:1)
  A fire crab (D:15)
  4 unseen horrors
  13 deep elf knights
  4 shock serpents (Snake:2)
  3 sea snakes (Snake:3)
  3 skeletal warriors (D:14)
  A wizard (D:15)
  2 swamp dragons (Swamp:1)
  9 deep elf summoners
  2 naga ritualists (Snake:1)
  A hill giant (D:14)
  7 orc knights
  3 salamanders
  2 ugly things (D:14)
  A griffon (Lair:7)
  An orc sorcerer (Orc:4)
  3 wolf spiders (Lair:8)
  3 cyclopes
  10 deep elf conjurers
  3 elephants (Lair:7)
  5 naga magi
  5 mana vipers
  15 black mambas
  2 smoke demons (Abyss:1)
  17 spiny frogs
  A worldbinder (Abyss:1)
  A torpor snail (Lair:8)
  A centaur zombie (D:11)
  A queen ant (Lair:7)
  2 guardian serpents
  An efreet (D:15)
  9 komodo dragons
  A kobold demonologist (D:12)
  2 tengu conjurers
  4 trolls
  9 deep elf priests
  6 polar bears
  Sonja (D:12)
  A hydra skeleton (D:14)
  7 ravens
  2 giant leeches (Swamp:1)
  A trapdoor spider zombie (D:12)
  2 boulder beetles
  2 two-headed ogres
  A bog body (Swamp:1)
  6 blink frogs
  2 fire dragon zombies
  4 slime creatures (D:14)
  A centaur simulacrum (D:15)
  4 wraiths
  A raiju (shapeshifter) (Elf:2)
  48 yaks
  A basilisk (Lair:7)
  3 fire elementals (Elf:2)
  13 humans
  A neqoxec (Abyss:1)
  4 wyverns
  24 deep elf magi
  14 vampire mosquitoes
  13 hippogriffs
  32 deep elf fighters
  15 soldier ants (Lair:7)
  An ogre zombie (D:13)
  A steam dragon (D:8)
  14 nagas
  9 hogs (Lair:8)
  3 hungry ghosts
  3 swamp worms (Swamp:1)
  15 wolves
  8 wargs
  A tengu zombie (D:13)
  24 water moccasins
  7 hell hounds
  A sky beast (D:11)
  30 orc warriors
  7 spiders (Lair:8)
  4 ice beasts
  3 phantoms
  10 black bears
  10 porcupines
  24 ogres
  12 crocodiles
  18 centaurs
  3 yellow wasps (Lair:8)
  Sigmund (D:6)
  A boggart (D:15)
  2 brain worms
  A big kobold (D:7)
  14 giant frogs
  4 scorpions
  An eye of draining (D:8)
  A killer bee (Abyss:1)
  The ghost of Huymann the Firebug, a weakling DrFE (D:3)
  2 yak skeletons
  2 goliath beetles
  2 troll skeletons
  6 crimson imps
  4 jellies
  7 gnoll shamans
  30 orc priests
  7 iguanas
  A giant frog skeleton (D:11)
  22 hounds
  47 worker ants
  22 orc wizards
  Ijyb (D:6)
  14 sheep
  A big kobold skeleton (D:9)
  The ghost of Yermak the Pacifier, a weakling VSHe of Elyvilon (D:4)
  19 gnolls
  7 green rats
  30 adders
  8 shadow imps
  2 giant mites (D:3)
  2 worms
  A gnoll zombie (D:5)
  An adder zombie (D:7)
  An orc zombie (D:11)
  7 giant geckos
  162 orcs
  3 ball pythons
  14 bats
  A bat skeleton (D:4)
  5 giant cockroaches
  19 hobgoblins
  3 quokkas
  6 giant newts
  A giant spore (D:11)
  10 goblins
  A goblin zombie (D:5)
  3 hobgoblin skeletons
  16 jackals
  17 kobolds
  An orc skeleton (D:7)
  9 rats
  A rat skeleton (D:5)
  2 ballistomycetes (D:11)
  A briar patch (Swamp:2)
  3 fungi (D:13)
  2 plants
1166 creatures vanquished.

Vanquished Creatures (collateral kills)
  2 deep elf blademasters
  Agnes (Elf:3)
  A frost giant (D:12)
  An ettin (D:12)
  2 deep elf death magi (Elf:3)
  A minotaur (Lab)
  2 hydras
  A centaur warrior (D:10)
  A tengu warrior (Depths:1)
  4 orc high priests (Orc:4)
  An unseen horror (D:14)
  2 deep elf knights
  2 skeletal warriors
  A large abomination (Abyss:1)
  2 harpies (Elf:1)
  2 orc knights (Orc:4)
  A deep elf conjurer (Elf:1)
  An ugly thing (D:14)
  A cyclops (D:14)
  A salamander (Snake:2)
  A naga mage (Snake:2)
  A smoke demon (Orc:4)
  A komodo dragon (D:8)
  A hellwing (Orc:4)
  A deep elf priest (Elf:1)
  A troll (D:12)
  2 two-headed ogres
  A raven (Depths:1)
  A basilisk (Lair:6)
  2 yaks (Lair:6)
  4 humans (D:14)
  A water elemental (D:13)
  2 nagas (Snake:2)
  A chaos spawn (Orc:4)
  A small abomination (Abyss:1)
  A crocodile (D:8)
  11 orc warriors
  2 giant frogs
  2 killer bees (Abyss:1)
  A crimson imp (D:8)
  An iron imp (Abyss:1)
  6 orc priests (Orc:4)
  A two-headed ogre zombie (D:10)
  3 sheep (D:14)
  A white imp (Abyss:1)
  13 orcs
93 creatures vanquished.

Vanquished Creatures (others)
  A deep troll (Depths:1)
  A two-headed ogre (Elf:1)
  2 humans (Elf:1)
  2 wraiths (D:10)
  A wolf (Lair:8)
  11 ogres
  An ice beast (Elf:3)
  3 lost souls (Elf:3)
  4 killer bees (Abyss:1)
  3 giant spores
  A ballistomycete (D:13)
  11 fungi
  6 plants (Lair:8)
47 creatures vanquished.

Grand Total: 1306 creatures vanquished

Notes
Turn   | Place    | Note
--------------------------------------------------------------
     0 | D:1      | Huymann, the Draconian Berserker, began the quest for the Orb.
     0 | D:1      | Reached XP level 1. HP: 19/19 MP: 1/1
   279 | D:1      | Reached XP level 2. HP: 9/26 MP: 2/2
   933 | D:2      | Reached XP level 3. HP: 31/31 MP: 3/3
   975 | D:2      | Acquired Trog's second power
  1188 | D:2      | Reached skill level 1 in Stealth
  1279 | D:2      | Found a glowing golden altar of the Shining One.
  1368 | D:2      | Reached XP level 4. HP: 18/40 MP: 4/4
  1775 | D:3      | Reached skill level 4 in Fighting
  1778 | D:3      | Reached XP level 5. HP: 33/46 MP: 5/5
  2154 | D:3      | Noticed Huymann's ghost (weakling DrFE)
  2221 | D:4      | Noticed an ogre
  2326 | D:3      | Killed Huymann's ghost
  2326 | D:3      | Reached XP level 6. HP: 52/52 MP: 6/6
  2543 | D:3      | Reached skill level 5 in Dodging
  2832 | D:4      | Killed an ogre
  2873 | D:4      | Noticed Yermak's ghost (weakling VSHe)
  2882 | D:4      | Killed Yermak's ghost
  2906 | D:4      | Found a staircase to the Ecumenical Temple.
  3010 | D:4      | Noticed an ogre
  3017 | D:4      | Noticed Edmund
  3036 | D:4      | Killed an ogre
  3036 | D:4      | Your scales start taking on a golden yellow colour.
  3036 | D:4      | Reached XP level 7. HP: 60/60 MP: 7/7
  3044 | D:5      | Entered Level 5 of the Dungeon
  3170 | D:5      | Reached skill level 6 in Dodging
  3172 | D:5      | Acquired Trog's third power
  3247 | D:5      | Reached skill level 5 in Fighting
  4135 | D:5      | Reached XP level 8. HP: 35/69 MP: 8/8
  4157 | D:5      | Reached skill level 5 in Polearms
  4249 | D:5      | Identified a scroll of acquirement
  4822 | D:6      | Reached skill level 7 in Dodging
  5105 | D:6      | Noticed Ijyb
  5132 | D:6      | Killed Ijyb
  5153 | D:6      | Found a burning altar of Makhleb.
  5179 | D:6      | Found a white marble altar of Elyvilon.
  5182 | D:6      | Found a glowing silver altar of Zin.
  5185 | D:6      | Found a blossoming altar of Fedhas.
  5461 | D:6      | Found a sparkling altar of Nemelex Xobeh.
  5506 | D:6      | Found a shadowy altar of Dithmenos.
  5577 | D:6      | Got a vibrating lapis lazuli ring
  5593 | D:6      | Identified the ring "Bubiots" {Str+2 Int+3 Stlth-} (You found it on level 6 of the Dungeon)
  5634 | D:6      | Noticed Sigmund
  5646 | D:6      | Killed Sigmund
  6101 | D:7      | Found a burning altar of Makhleb.
  6128 | D:7      | Reached skill level 8 in Dodging
  6188 | D:7      | Reached XP level 9. HP: 60/77 MP: 9/9
  7420 | D:8      | Reached skill level 9 in Dodging
  7475 | D:8      | Reached skill level 1 in Evocations
  7500 | D:8      | Found a bloodstained altar of Trog.
  7647 | D:8      | Received a gift from Trog
  7862 | D:8      | Noticed a komodo dragon
  7880 | D:8      | Killed a komodo dragon
  7910 | D:8      | Found a staircase to the Lair.
  8028 | Lair:1   | Entered Level 1 of the Lair of Beasts
  8047 | Lair:1   | Reached XP level 10. HP: 51/86 MP: 12/12
  8280 | Lair:1   | Reached skill level 10 in Dodging
  8280 | Lair:1   | Reached skill level 5 in Stealth
  8669 | Lair:1   | Noticed a five-headed hydra
  8839 | D:9      | Found a staircase to the Orcish Mines.
  9285 | D:10     | Entered Level 10 of the Dungeon
  9348 | D:10     | Noticed a centaur warrior
  9362 | D:10     | Killed a centaur warrior
  9367 | D:10     | Reached skill level 11 in Dodging
  9367 | D:10     | Reached XP level 11. HP: 94/94 MP: 17/17
  9575 | D:11     | Got a crystal quarterstaff
  9578 | D:11     | Identified the cursed -1 quarterstaff of Honour {antimagic, +Blink MR+} (You found it on level 11 of the Dungeon)
  9776 | D:11     | Received a gift from Trog
  9954 | D:11     | Found Tryfo's Food Shoppe.
  9979 | D:11     | Bought a meat ration for 65 gold pieces
  9979 | D:11     | Bought a meat ration for 65 gold pieces
  9979 | D:11     | Bought a slice of pizza for 19 gold pieces
  9979 | D:11     | Bought a meat ration for 65 gold pieces
  9979 | D:11     | Bought a bread ration for 65 gold pieces
  9981 | D:11     | Bought 4 fruits for 78 gold pieces
  9981 | D:11     | Bought a fruit for 19 gold pieces
  9981 | D:11     | Bought a beef jerky for 19 gold pieces
  9981 | D:11     | Bought a royal jelly for 26 gold pieces
 10667 | D:12     | Noticed an unseen horror
 10698 | D:12     | Killed an unseen horror
 10874 | D:12     | Found a labyrinth entrance.
 10921 | Lab      | Entered a labyrinth
 11215 | Lab      | Noticed a minotaur
 11219 | Lab      | Killed a minotaur
 11225 | Lab      | Got a fine amethyst amulet
 11225 | Lab      | Got a flickering lapis lazuli ring
 11226 | Lab      | Identified the amulet of Greclan {Stasis Slay+4} (You found it in a labyrinth)
 11228 | Lab      | Identified the ring of Libeahe Brei {+Fly rF+ rC- AC+1} (You found it in a labyrinth)
 11437 | D:12     | Noticed an eight-headed hydra
 11463 | D:12     | Noticed a frost giant
 11478 | D:12     | Noticed an ettin
 11478 | D:12     | Killed an eight-headed hydra
 11481 | D:12     | Killed an ettin
 11481 | D:12     | Reached skill level 5 in Evocations
 11501 | D:12     | Noticed a skeletal warrior
 11505 | D:12     | Killed a frost giant
 11505 | D:12     | Reached skill level 12 in Dodging
 11509 | D:12     | Killed a skeletal warrior
 11511 | D:12     | Noticed an unseen horror
 11515 | D:12     | Killed an unseen horror
 11576 | D:12     | Noticed an ogre mage
 11582 | D:12     | Killed an ogre mage
 11582 | D:12     | Reached XP level 12. HP: 105/105 MP: 20/20
 12039 | D:12     | Noticed Sonja
 12059 | D:12     | Killed Sonja
 12066 | D:12     | Received a gift from Trog
 12357 | D:13     | Reached skill level 10 in Polearms
 12398 | D:13     | Noticed a centaur warrior
 12421 | D:13     | Killed a centaur warrior
 12652 | D:13     | Found Prus' Assorted Antiques.
 12710 | D:13     | Bought a scroll of identify for 60 gold pieces
 12710 | D:13     | Bought a scroll of remove curse for 90 gold pieces
 12721 | D:13     | Noticed a five-headed hydra
 12727 | D:13     | Killed a seven-headed hydra
 12820 | D:13     | Noticed a centaur warrior
 12827 | D:13     | Killed a centaur warrior
 13075 | D:13     | Noticed an unseen horror
 13081 | D:13     | Killed an unseen horror
 13081 | D:13     | Reached skill level 10 in Fighting
 13201 | D:13     | Reached skill level 13 in Dodging
 13523 | D:13     | Got a scintillating platinum ring
 13524 | D:13     | Identified the ring "Xime" {Str+1 Dex+4 Stlth+} (You acquired it on level 13 of the Dungeon)
 13739 | D:14     | Found a gate to the Vaults.
 13740 | D:14     | Noticed Rupert
 13757 | D:14     | Noticed a centaur warrior
 13766 | D:14     | Killed a centaur warrior
 13819 | D:14     | Killed Rupert
 13819 | D:14     | Reached XP level 13. HP: 85/113 MP: 23/23
 13850 | D:14     | Received a gift from Trog
 14533 | D:15     | Entered Level 15 of the Dungeon
 14562 | D:15     | Received a gift from Trog
 14784 | D:15     | Reached skill level 14 in Dodging
 14786 | D:15     | Noticed Fannar
 14954 | Orc:1    | Entered Level 1 of the Orcish Mines
 15131 | Orc:2    | Found Waonyck's Assorted Antiques.
 16063 | Orc:3    | Received a gift from Trog
 16065 | Orc:3    | Got an encrusted glaive {god gift}
 16066 | Orc:3    | Identified the -1 glaive "Etipluos" {freeze, Contam rPois} (Trog gifted it to you on level 3 of the Orcish Mines)
 16111 | Orc:3    | Gained mutation: You are weak. (Str -2) [mutagenic glow]
 16481 | Orc:4    | Entered Level 4 of the Orcish Mines
 16481 | Orc:4    | Found a staircase to the Elven Halls.
 16638 | Orc:4    | Received a gift from Trog
 17599 | Orc:4    | Received a gift from Trog
 17747 | Orc:4    | Gained mutation: You have acidic saliva. [draconian growth]
 17747 | Orc:4    | Reached XP level 14. HP: 45/124 MP: 25/25
 18419 | D:15     | Found an ancient bone altar of Kikubaaqudgha.
 18420 | D:15     | Found a deep blue altar of Sif Muna.
 18420 | D:15     | Found a radiant altar of Vehumet.
 18461 | D:15     | Killed Fannar
 18638 | D:15     | Found a staircase to the Depths.
 18645 | Depths:1 | Entered Level 1 of the Depths
 18658 | Depths:1 | Reached skill level 15 in Polearms
 19604 | Orc:4    | Found Qiado's Distillery.
 19604 | Orc:4    | Found Qeecoarch's Antique Weapon Shop.
 19610 | Orc:4    | Found Xaucig's Food Boutique.
 19611 | Orc:4    | Found Mozxocri's Book Boutique.
 19625 | Orc:4    | Bought a potion of cure mutation for 560 gold pieces
 19629 | Orc:4    | Lost mutation: You are weak. (Str -2) [potion of cure mutation]
 19636 | Orc:4    | Bought a beef jerky for 16 gold pieces
 19636 | Orc:4    | Bought a meat ration for 55 gold pieces
 19636 | Orc:4    | Bought a slice of pizza for 16 gold pieces
 19636 | Orc:4    | Bought a bread ration for 55 gold pieces
 19636 | Orc:4    | Bought a meat ration for 55 gold pieces
 19636 | Orc:4    | Bought a meat ration for 55 gold pieces
 19636 | Orc:4    | Bought a meat ration for 55 gold pieces
 19813 | Elf:1    | Entered Level 1 of the Elven Halls
 19933 | Elf:1    | Noticed Kirke
 20191 | Lair:1   | Killed a five-headed hydra
 20692 | Lair:2   | Received a gift from Trog
 22233 | Lair:4   | Got a dazzling shortbow
 22234 | Lair:4   | Identified the cursed +0 shortbow of the Pyrrhic Victory {venom, rF+} (You found it on level 4 of the Lair of Beasts)
 22786 | Lair:5   | Noticed Snorg
 22799 | Lair:5   | Killed Snorg
 23081 | Lair:5   | Reached skill level 15 in Dodging
 24058 | Lair:6   | Found a staircase to the Snake Pit.
 24108 | Lair:6   | Found a staircase to the Swamp.
 24848 | Lair:7   | Found a viscous altar of Jiyva.
 24849 | Lair:7   | Found a staircase to the Slime Pits.
 24894 | Slime:1  | Entered Level 1 of the Pits of Slime
 24908 | Slime:1  | Noticed an azure jelly
 25072 | Lair:7   | Reached skill level 16 in Polearms
 25076 | Lair:7   | Reached XP level 15. HP: 132/132 MP: 27/27
 25207 | Lair:7   | Received a gift from Trog
 25903 | Lair:8   | Entered Level 8 of the Lair of Beasts
 26094 | Lair:8   | Gained mutation: You are clumsy. (Dex -2) [potion of mutation]
 26094 | Lair:8   | Gained mutation: You have an increased reservoir of magic (+10% MP). [potion of mutation]
 26094 | Lair:8   | Gained mutation: Your body is slowly deteriorating. [potion of mutation]
 26096 | Lair:8   | Reached skill level 1 in Spellcasting
 26096 | Lair:8   | Reached XP level 16. HP: 108/139 MP: 27/30
 26282 | Lair:8   | Received a gift from Trog
 27142 | Lair:8   | Reached skill level 10 in Evocations
 27605 | Slime:1  | Noticed an azure jelly
 27629 | Lair:7   | Killed an azure jelly
 27633 | Lair:7   | Killed an azure jelly
 27633 | Lair:7   | Reached skill level 10 in Stealth
 28041 | Elf:1    | Killed Kirke
 28334 | Elf:1    | Received a gift from Trog
 28512 | Elf:1    | Noticed Erica
 28542 | Elf:1    | Killed Erica
 28831 | Elf:2    | Found a flickering gateway to a bazaar.
 28878 | Bazaar   | Entered a bazaar
 28895 | Bazaar   | Found Kocs' Antique Weapon Shoppe.
 28922 | Bazaar   | Found Begaem's Assorted Antiques.
 28922 | Bazaar   | Found Ekoanuech's Magic Scroll Emporium.
 28955 | Bazaar   | Found Micvuum's Jewellery Shoppe.
 28955 | Bazaar   | Found Wiussav's Armour Emporium.
 29062 | Bazaar   | Bought a scroll of identify for 42 gold pieces
 29069 | Bazaar   | Bought a scroll of identify for 22 gold pieces
 29094 | Bazaar   | Bought a +4 ring of slaying for 1014 gold pieces
 29171 | Elf:2    | Received a gift from Trog
 29264 | Elf:2    | Noticed Azrael
 29297 | Elf:2    | Killed Azrael
 29352 | Elf:2    | Noticed a deep elf blademaster
 29358 | Elf:2    | Found Soohud's Distillery.
 29382 | Elf:2    | Killed a deep elf blademaster
 29416 | Elf:2    | Reached skill level 17 in Polearms
 29488 | Elf:2    | Noticed a deep elf blademaster
 29942 | Snake:1  | Entered Level 1 of the Snake Pit
 30117 | Snake:1  | Reached XP level 17. HP: 65/148 MP: 33/33
 30528 | Snake:1  | Received a gift from Trog
 32810 | Snake:3  | Noticed Vashnia
 32899 | Swamp:1  | Entered Level 1 of the Swamp
 32899 | Swamp:1  | Found a radiant altar of Vehumet.
 34283 | Elf:2    | Received a gift from Trog
 34478 | Elf:3    | Entered Level 3 of the Elven Halls
 34542 | Elf:3    | Received a gift from Trog
 34736 | Elf:3    | Noticed Roxanne
 35044 | Elf:3    | Killed Roxanne
 35605 | Elf:3    | Noticed Agnes
 35625 | Elf:3    | Killed Agnes
 35657 | Elf:3    | Got an encrusted quarterstaff
 35658 | Elf:3    | Identified the +6 quarterstaff "Vaximefo" {antimagic, rF+} (You took it off a deep elf annihilator on level 3 of the Elven Halls)
 35825 | Elf:3    | Reached skill level 18 in Polearms
 35939 | Elf:3    | Noticed a Hell Sentinel
 36041 | Elf:3    | Cast into the Abyss (deep elf demonologist)
 36236 | Abyss:1  | Killed from afar by a neqoxec

Action                   |  1- 3 |  4- 6 |  7- 9 | 10-12 | 13-15 | 16-18 || total
-------------------------+-------+-------+-------+-------+-------+-------++-------
Melee: Spear             |   111 |   253 |   685 |   525 |   280 |   154 ||  2008
       Glaive            |       |       |       |   276 |   903 |   865 ||  2044
       Quarterstaff      |       |       |       |       |       |    13 ||    13
Throw: Tomahawk          |       |       |       |     1 |    10 |     1 ||    12
       Throwing net      |       |       |       |       |     1 |       ||     1
       Javelin           |       |       |       |       |       |     8 ||     8
Invok: Berserk           |     1 |     6 |    10 |    14 |    10 |     3 ||    44
       Burn Spellbooks   |       |       |     3 |       |     1 |     3 ||     7
       Brothers in Arms  |       |       |     1 |     6 |    12 |    13 ||    32
       Trog's Hand       |       |       |       |       |     1 |     3 ||     4
 Abil: Spit Acid         |       |       |     1 |     1 |       |     2 ||     4
Evoke: Wand              |       |       |     7 |     4 |     9 |    11 ||    31
       Deck              |       |       |       |       |       |     1 ||     1
  Use: Scroll            |     3 |    10 |    11 |    13 |     7 |    14 ||    58
       Potion            |       |       |     1 |     1 |     8 |    20 ||    30
 Stab: Sleeping          |       |       |     7 |     9 |    53 |    29 ||    98
       Distracted        |       |       |       |     3 |     7 |     6 ||    16
       Confused          |       |       |       |       |     1 |       ||     1
       Fleeing           |       |       |       |       |       |     1 ||     1
  Eat: Chunk             |     2 |    11 |    25 |    29 |    49 |    22 ||   138
       Beef jerky        |       |       |     2 |       |     3 |     4 ||     9
       Royal jelly       |       |       |       |     2 |       |     1 ||     3
       Fruit             |       |       |       |       |       |    10 ||    10
